[Event "Monday 02 April Rapid Engine Tour 12+1 Rounds 9 Starts 1600ST"]
[Site "Infinity Chess"]
[Date "2018.4.2"]
[Round "5"]
[White "ocirema"]
[Black "hafaba"]
[Result "1/2-1/2"]
[ECO "C55"]
[WhiteElo "2432"]
[BlackElo "2411"]
[WhiteEngine "stockfish_18040103_x64_modern_CTG"]
[BlackEngine "Eman 1.70-beta13 64-bit POPCNT"]
[EventType "Swiss"]
[WhiteTeam ""]
[BlackTeam ""]
[PlyCount "158"]
[TimeControl "720+1"]

1. e4 e5 2. Nf3 Nc6 3. Bc4 Nf6 4. d3 Bc5 5. O-O d6 6. c3 a5 7. Bb3 O-O 8. Bg5 h6 
9. Bh4 g5 10. Bg3 g4 11. Nh4 Nh5 12. Kh1 Qg5 13. a4 Bd7 14. Na3 Kh8 15. Nc4 b6 
16. Ne3 Bxe3 17. fxe3 f6 18. Bd5 Ng7 19. d4 Rac8 20. Bxc6 Bxc6 21. Qd3 Bd7 
22. b4 Rf7 23. Rae1 Rcf8 24. bxa5 bxa5 25. Qc4 Kh7 26. Kg1 Be6 27. Qd3 Rb8 
28. Rb1 Rxb1 29. Rxb1 Bd7 30. Rb7 Bxa4 31. Ra7 exd4 32. e5+ Kg8 33. Rxa5 Bc6 
34. cxd4 fxe5 35. dxe5 Ne6 36. Qc3 d5 37. Ra1 Bb5 38. Kh1 h5 39. Qc2 Bd7 
40. Qd3 c6 41. Qb1 c5 42. Qb7 d4 43. exd4 cxd4 44. Qd5 Qd2 45. Nf5 Qc3 
46. Rg1 Kh7 47. Bf2 Qd3 48. Nxd4 h4 49. Qa2 Qg6 50. Rd1 h3 51. Kg1 hxg2 
52. Nxe6 Bxe6 53. Qb1 Bf5 54. Qb6 Qh5 55. Re1 g3 56. Bxg3 Be4 57. Qd4 Rf1+ 
58. Rxf1 gxf1=Q+ 59. Kxf1 Qf3+ 60. Ke1 Qd3 61. Qxd3 Bxd3 62. Kd2 Bf5 63. Ke3 Kg8 
64. h4 Kf7 65. Be1 Kf8 66. Bd2 Kf7 67. Be1 Bg6 68. Bb4 Bc2 69. Bc3 Bb1 
70. Bd2 Ba2 71. Kd4 Bb3 72. Ba5 Ke6 73. Ke4 Bc2+ 74. Kf4 Bb3 75. Bc3 Ba4 
76. Kg5 Be8 77. Ba1 Ba4 78. Kf4 Bc2 79. Bb2 Bd1 1/2-1/2

[Event "Monday 02 April Rapid Engine Tour 12+1 Rounds 9 Starts 1600ST"]
[Site "Infinity Chess"]
[Date "2018.4.2"]
[Round "5"]
[White "KhalidOmar"]
[Black "RonWeasley"]
[Result "1/2-1/2"]
[ECO "C12"]
[WhiteElo "2448"]
[BlackElo "2442"]
[WhiteEngine "Eman 1.70-beta13 64-bit BMI2"]
[BlackEngine "BrainFish 010418 WM_CTG"]
[EventType "Swiss"]
[WhiteTeam ""]
[BlackTeam ""]
[PlyCount "69"]
[TimeControl "720+1"]

1. e4 e6 2. d4 d5 3. Nc3 Nf6 4. Bg5 Bb4 5. e5 h6 6. Bh4 g5 7. Bg3 Ne4 8. Nge2 f5 
9. f3 Nxc3 10. Nxc3 c5 11. a3 Bxc3+ 12. bxc3 c4 13. Bf2 Nc6 14. Qd2 Kd7 
15. g3 Kc7 16. h4 Rg8 17. hxg5 hxg5 18. Be3 Bd7 19. Rh5 g4 20. Bg5 Qe8 
21. fxg4 fxg4 22. Rh4 Ne7 23. O-O-O b5 24. Bf4 a5 25. Bg2 Qf8 26. Rh7 Nc8 
27. Bxd5 Qxa3+ 28. Kb1 Nb6 29. Rxd7+ Kc8 30. Qh2 Na4 31. Rc7+ Kb8 32. Rb7+ Kc8 
33. Rc7+ Kb8 34. Rb7+ Kc8 35. Rc7+ 1/2-1/2

[Event "Monday 02 April Rapid Engine Tour 12+1 Rounds 9 Starts 1600ST"]
[Site "Infinity Chess"]
[Date "2018.4.2"]
[Round "5"]
[White "Marsell"]
[Black "marudam"]
[Result "1/2-1/2"]
[ECO "C53"]
[WhiteElo "2454"]
[BlackElo "2443"]
[WhiteEngine "asmFishW_2018-04-02_bmi2"]
[BlackEngine "stockfish_CTG"]
[EventType "Swiss"]
[WhiteTeam ""]
[BlackTeam ""]
[PlyCount "118"]
[TimeControl "720+1"]

1. e4 e5 2. Nf3 Nc6 3. Bc4 Bc5 4. c3 Nf6 5. d3 d6 6. O-O O-O 7. h3 a5 8. Nbd2 h6 
9. Re1 Be6 10. b3 Bb6 11. a4 d5 12. Bb5 Ne7 13. exd5 Nfxd5 14. Qc2 c6 
15. Bc4 Ng6 16. d4 Ndf4 17. dxe5 Nh4 18. Bf1 Bd5 19. Re4 Nfg6 20. Bc4 Re8 
21. g3 Nxf3+ 22. Nxf3 Qd7 23. Bxd5 cxd5 24. Rg4 Qc6 25. Bb2 Nxe5 26. Nxe5 Rxe5 
27. c4 Rg5 28. Rxg5 hxg5 29. Rc1 dxc4 30. Qxc4 Qxc4 31. Rxc4 Rd8 32. Bc3 Rd3 
33. Kg2 f6 34. b4 axb4 35. Bxb4 Kf7 36. Bc5 Bxc5 37. Rxc5 b6 38. Rc7+ Kg6 
39. Rb7 Ra3 40. Rxb6 Rxa4 41. Rb7 Ra2 42. Rb6 Ra4 43. Kh2 g4 44. hxg4 Rxg4 
45. f4 Kf7 46. Rb7+ Ke6 47. Rb6+ Kf7 48. f5 Ra4 49. Kh3 Kg8 50. Rb8+ Kf7 
51. Rb6 Kg8 52. Rc6 Ra5 53. Rc8+ Kh7 54. g4 Ra3+ 55. Kh4 g6 56. fxg6+ Kxg6 
57. Rc7 f5 58. Rc6+ Kh7 59. g5 Kg7 1/2-1/2

[Event "Monday 02 April Rapid Engine Tour 12+1 Rounds 9 Starts 1600ST"]
[Site "Infinity Chess"]
[Date "2018.4.2"]
[Round "5"]
[White "Eman"]
[Black "Macho"]
[Result "1/2-1/2"]
[ECO "C55"]
[WhiteElo "2505"]
[BlackElo "2457"]
[WhiteEngine "Eman 1.70-beta13 64-bit POPCNT"]
[BlackEngine "Cfish 2018-04-01 64 POPC_CTG"]
[EventType "Swiss"]
[WhiteTeam ""]
[BlackTeam ""]
[PlyCount "108"]
[TimeControl "720+1"]

1. e4 e5 2. Nf3 Nc6 3. Bc4 Nf6 4. d3 Bc5 5. O-O d6 6. c3 O-O 7. h3 a5 
8. Nbd2 Be6 9. b3 Nh5 10. Nh2 Nf6 11. Re1 h6 12. Nhf3 Ba7 13. Nf1 Bb6 
14. Ne3 Ba7 15. a4 Bxe3 16. Bxe3 Bxc4 17. bxc4 b6 18. Nd2 Nd7 19. Qg4 Nf6 
20. Qg3 Kh7 21. Qf3 Nd7 22. d4 Qe7 23. Qd1 Rae8 24. Qb1 Kg8 25. f4 exf4 
26. Bxf4 Qd8 27. Nf1 f5 28. exf5 Rxe1 29. Qxe1 Rxf5 30. Qe6+ Rf7 31. Ne3 Nf6 
32. Nd5 Nxd5 33. cxd5 Qf6 34. Qxf6 Rxf6 35. Be3 Ne7 36. c4 Nf5 37. Bf2 g5 
38. Rb1 Ne7 39. Re1 Kf7 40. Re4 Rf5 41. Kf1 Ng8 42. Re6 Nf6 43. Ke2 Rf4 
44. Be3 Re4 45. Rxe4 Nxe4 46. Kd3 Nf6 47. g3 Kg6 48. g4 Kf7 49. Bf2 Ke7 
50. Be1 Kd7 51. Bd2 Ke7 52. Be3 Kf7 53. Bc1 Nd7 54. Be3 Nf6 1/2-1/2

[Event "Monday 02 April Rapid Engine Tour 12+1 Rounds 9 Starts 1600ST"]
[Site "Infinity Chess"]
[Date "2018.4.2"]
[Round "5"]
[White "MCDermont"]
[Black "KRAKEN"]
[Result "1/2-1/2"]
[ECO "D30"]
[WhiteElo "2510"]
[BlackElo "2464"]
[WhiteEngine "BrainFish 010418 WM_CTG"]
[BlackEngine "Raubfisch X38_CTG"]
[EventType "Swiss"]
[WhiteTeam ""]
[BlackTeam ""]
[PlyCount "101"]
[TimeControl "720+1"]

1. d4 d5 2. c4 e6 3. Nf3 Nf6 4. Nc3 c6 5. Bg5 h6 6. Bxf6 Qxf6 7. e3 Nd7 
8. Be2 g6 9. O-O Bg7 10. e4 dxe4 11. Nxe4 Qf4 12. Qc2 f5 13. Ned2 c5 14. g3 Qc7 
15. Nh4 Bxd4 16. Nxg6 Rg8 17. Nh4 Nf6 18. Ndf3 Rxg3+ 19. hxg3 Qxg3+ 20. Ng2 Ng4 
21. Qd2 Bxf2+ 22. Rxf2 Qxf2+ 23. Kh1 Bd7 24. Ne5 O-O-O 25. Nxg4 fxg4 26. Rd1 h5 
27. b3 b6 28. Qd3 Qf5 29. Kg1 Qxd3 30. Rxd3 Be8 31. Kf2 Rxd3 32. Bxd3 Kd7 
33. Kg3 Ke7 34. Nf4 Kf6 35. Kh4 Ke5 36. Ne2 a6 37. Bc2 b5 38. cxb5 axb5 
39. Bd3 Kd6 40. Nf4 Ke5 41. Ne2 Kd6 42. Nf4 e5 43. Nxh5 Bxh5 44. Kxh5 g3 
45. Be4 c4 46. bxc4 bxc4 47. Kg4 g2 48. Bxg2 Kc5 49. Be4 Kb4 50. Kf3 c3 51. Bc2 
1/2-1/2

[Event "Monday 02 April Rapid Engine Tour 12+1 Rounds 9 Starts 1600ST"]
[Site "Infinity Chess"]
[Date "2018.4.2"]
[Round "5"]
[White "Gilgamesch"]
[Black "Brtroy"]
[Result "1/2-1/2"]
[ECO "C50"]
[WhiteElo "2477"]
[BlackElo "2508"]
[WhiteEngine "BrainFish_180401_x64_bmi2"]
[BlackEngine "Stockfish_18040103_x64_bmi2_CTG"]
[EventType "Swiss"]
[WhiteTeam ""]
[BlackTeam ""]
[PlyCount "151"]
[TimeControl "720+1"]

1. e4 e5 2. Nf3 Nc6 3. Bc4 Bc5 4. O-O Nf6 5. d3 a5 6. Re1 d6 7. Nbd2 h6 
8. c3 O-O 9. Nf1 Be6 10. Bb5 Ne7 11. d4 exd4 12. cxd4 Bb6 13. Ng3 d5 14. e5 Ne4 
15. Nxe4 dxe4 16. Rxe4 Bd5 17. Qe2 Bxe4 18. Qxe4 Qd5 19. Qd3 Qe6 20. Bc4 Qf5 
21. Qe2 Rfd8 22. Be3 Nd5 23. h3 a4 24. Rf1 c6 25. Nh4 Qe6 26. a3 Ba7 27. Qf3 g6 
28. Kh1 Kg7 29. g4 Rg8 30. Re1 Qd7 31. Ng2 Rae8 32. Nf4 Nxe3 33. fxe3 Qe7 
34. Rf1 Rgf8 35. Qe4 Bb8 36. Bd3 Qg5 37. Kg2 Bxe5 38. dxe5 Rxe5 39. Qd4 Kg8 
40. Rf3 Rfe8 41. Bc4 b5 42. h4 Qxg4+ 43. Rg3 c5 44. Qd6 Qxg3+ 45. Kxg3 Rxe3+ 
46. Kf2 bxc4 47. Qxc5 R3e4 48. Nd5 Kg7 49. h5 R8e5 50. Kf3 g5 51. Qd6 Re6 
52. Qb4 R6e5 53. Qc3 Kf8 54. Qd2 Kg7 55. Qc3 Kf8 56. Qd2 Kg7 57. Kg3 Re6 
58. Qc3+ R6e5 59. Qd2 Re6 60. Kf2 R6e5 61. Qc3 Re2+ 62. Kg3 R2e4 63. Kf2 Re2+ 
64. Kg1 Re1+ 65. Kh2 R1e4 66. Kg3 Re2 67. Qd4 R2e4 68. Qc3 Re2 69. Kh3 R2e4 
70. Kg2 Re2+ 71. Kh3 R2e4 72. Qd2 Re2 73. Qd4 R2e4 74. Qd2 Re2 75. Qd4 R2e4 
76. Qd2 1/2-1/2

[Event "Monday 02 April Rapid Engine Tour 12+1 Rounds 9 Starts 1600ST"]
[Site "Infinity Chess"]
[Date "2018.4.2"]
[Round "5"]
[White "Murx"]
[Black "MarioDeMonti"]
[Result "1/2-1/2"]
[ECO "C50"]
[WhiteElo "2493"]
[BlackElo "2510"]
[WhiteEngine "BrainFish_180329_x64_modern"]
[BlackEngine "stockfish_x64_bmi2_2018_02_18_CTG"]
[EventType "Swiss"]
[WhiteTeam ""]
[BlackTeam ""]
[PlyCount "120"]
[TimeControl "720+1"]

1. e4 e5 2. Nf3 Nc6 3. Bc4 Bc5 4. O-O Nf6 5. d3 d6 6. c3 O-O 7. h3 a5 8. Nbd2 h6 
9. Re1 Be6 10. a4 Bb6 11. Bxe6 fxe6 12. Nc4 Bc5 13. Be3 Bxe3 14. Rxe3 Nd7 
15. Qc2 Qf6 16. Rf1 Rf7 17. Ncd2 Nc5 18. Nh2 g5 19. Rf3 Qg6 20. Rd1 Rf4 
21. Rxf4 gxf4 22. Nhf3 Qf6 23. Rb1 Kh7 24. b4 Nd7 25. Kh2 Rg8 26. Rg1 Rg7 
27. b5 Ne7 28. Qb3 Ng6 29. Rf1 Ngf8 30. d4 Nb6 31. Rg1 Nfd7 32. Qa2 Rg8 
33. Nc4 Nxc4 34. Qxc4 Rc8 35. Rd1 Kh8 36. Kh1 Kh7 37. dxe5 Nxe5 38. Qd4 b6 
39. Nxe5 Qxe5 40. Qc4 Kg6 41. Qc6 Qh8 42. g3 fxg3 43. Rg1 Qe8 44. Rxg3+ Kh7 
45. Qxe8 Rxe8 46. c4 e5 47. Rf3 Kg6 48. Kg2 Re6 49. Rf8 Re7 50. Kg3 Rf7 
51. Rxf7 Kxf7 52. f3 Ke6 53. f4 exf4+ 54. Kxf4 Kf6 55. h4 Ke6 56. Kg4 Kf6 
57. Kh5 Kg7 58. Kg4 Kf6 59. Kh5 Kg7 60. Kg4 Kf6 1/2-1/2

[Event "Monday 02 April Rapid Engine Tour 12+1 Rounds 9 Starts 1600ST"]
[Site "Infinity Chess"]
[Date "2018.4.2"]
[Round "5"]
[White "OlivierEvan"]
[Black "SkyPilot"]
[Result "1/2-1/2"]
[ECO "A06"]
[WhiteElo "2478"]
[BlackElo "2504"]
[WhiteEngine "Houdini 6"]
[BlackEngine "stockfish_x64_bmi2_2018_03_30_CTG"]
[EventType "Swiss"]
[WhiteTeam ""]
[BlackTeam ""]
[PlyCount "128"]
[TimeControl "720+1"]

1. Nf3 d5 2. b3 c5 3. Bb2 Nf6 4. e3 g6 5. c4 dxc4 6. Bxc4 Bg7 7. O-O O-O 
8. d4 cxd4 9. Nxd4 Bd7 10. Nd2 Nc6 11. Rc1 Rc8 12. N2f3 a6 13. h3 Re8 14. Re1 e6 
15. e4 Nxd4 16. Nxd4 b5 17. Bf1 Qb6 18. Rc2 Rxc2 19. Qxc2 e5 20. Nf3 Bc6 
21. Nxe5 Bxe4 22. Qc1 Bf5 23. g4 Ne4 24. Nd3 Bd7 25. Bxg7 Kxg7 26. Qa1+ f6 
27. Bg2 Ng5 28. a3 Ne6 29. Qc1 Nd4 30. Rxe8 Bxe8 31. Qe3 Bf7 32. b4 Qd6 
33. Nc5 Nc2 34. Qc3 Nd4 35. Ne4 Qe5 36. Kh1 g5 37. Nc5 h6 38. Nxa6 Qf4 
39. Qe3 Qxe3 40. fxe3 Nc2 41. Be4 Nxa3 42. Kg2 Nc4 43. Nc7 Nd6 44. Bc6 Bc4 
45. e4 Kf7 46. Kf2 Kg6 47. Ke3 Bf1 48. Kf2 Bxh3 49. Nxb5 Nxb5 50. Bxb5 Bxg4 
51. Be8+ Kh7 52. b5 Bc8 53. Bc6 Kg6 54. b6 h5 55. b7 Bxb7 56. Bxb7 Kf7 
57. Bd5+ Ke7 58. Bc6 Ke6 59. Kg3 Ke5 60. Bb7 g4 61. Bc6 h4+ 62. Kxg4 h3 
63. Kxh3 f5 64. exf5 Kxf5 1/2-1/2

[Event "Monday 02 April Rapid Engine Tour 12+1 Rounds 9 Starts 1600ST"]
[Site "Infinity Chess"]
[Date "2018.4.2"]
[Round "5"]
[White "xeonrocks"]
[Black "ivrdurant"]
[Result "1/2-1/2"]
[ECO "C50"]
[WhiteElo "2552"]
[BlackElo "2450"]
[WhiteEngine "Stockfish_x64_bmi2_CTG"]
[BlackEngine "Raubfisch ME262_GTZ16d4"]
[EventType "Swiss"]
[WhiteTeam ""]
[BlackTeam ""]
[PlyCount "110"]
[TimeControl "720+1"]

1. e4 e5 2. Nf3 Nc6 3. Bc4 Bc5 4. d3 Nf6 5. O-O d6 6. c3 a5 7. Re1 Ba7 
8. Nbd2 O-O 9. Nf1 Be6 10. Bb5 Ne7 11. d4 exd4 12. Nxd4 Ng6 13. Ba4 h6 
14. Be3 Bc8 15. Bc2 Re8 16. f3 d5 17. exd5 Qxd5 18. Qd2 Bd7 19. a4 Ne5 
20. Qf2 Bb6 21. Rad1 Nc4 22. Bb3 Qc5 23. Ne6 Qc6 24. Bxb6 Nxb6 25. Nc5 Rxe1 
26. Rxe1 Re8 27. Rxe8+ Bxe8 28. Qd4 Nfd7 29. Nd3 Qd6 30. Qxd6 cxd6 31. Bc2 Nc5 
32. b3 Nd5 33. Nxc5 dxc5 34. Nd2 b6 35. Nc4 Bd7 36. Kf2 Kf8 37. g3 Ke7 
38. Ke1 g5 39. Be4 Nxc3 40. Nxb6 Be6 41. Bc2 Nd5 42. Nc4 Nb4 43. Kd2 Bxc4 
44. bxc4 Ke6 45. Bd3 Nc6 46. f4 g4 47. Be4 Ne7 48. Bb7 f5 49. Ke3 Kd7 
50. Kd2 Ke6 51. Kc3 Kf6 52. Kd3 Kg6 53. Ke3 Ng8 54. Bg2 Nf6 55. Kf2 Nd7 1/2-1/2

[Event "Monday 02 April Rapid Engine Tour 12+1 Rounds 9 Starts 1600ST"]
[Site "Infinity Chess"]
[Date "2018.4.2"]
[Round "4"]
[White "CrapCleaner"]
[Black "MGR"]
[Result "1/2-1/2"]
[ECO "C77"]
[WhiteElo "2405"]
[BlackElo "2456"]
[WhiteEngine "Raubfisch ME262_GTZ16e2_CTG"]
[BlackEngine "asmFishW_2018-02-19_bmi2"]
[EventType "Swiss"]
[WhiteTeam ""]
[BlackTeam ""]
[PlyCount "258"]
[TimeControl "720+1"]

1. e4 e5 2. Nf3 Nc6 3. Bb5 a6 4. Ba4 Nf6 5. O-O Be7 6. Re1 b5 7. Bb3 O-O 
8. a4 b4 9. c3 d6 10. a5 Rb8 11. d3 Be6 12. Bxe6 fxe6 13. Nbd2 h6 14. d4 Qe8 
15. h3 Nh5 16. Nc4 Rb5 17. dxe5 dxe5 18. Qe2 Bc5 19. Kh1 Qg6 20. Bd2 Qf6 
21. Red1 bxc3 22. bxc3 Rd8 23. Kh2 Qg6 24. Rdb1 Rdb8 25. Rd1 Nf6 26. Re1 Qe8 
27. Bc1 Qg6 28. Ra4 Qe8 29. Ra2 Be7 30. Qd3 Nd7 31. Qc2 Nf6 32. Kh1 Bc5 
33. Kh2 Be7 34. Kg1 Bd6 35. Rd1 Be7 36. Rb2 Rc5 37. Qe2 Rxb2 38. Bxb2 Rb5 
39. Bc1 Bc5 40. Qd3 Ba7 41. Be3 Bxe3 42. Nxe3 Qe7 43. Ng4 Nxg4 44. hxg4 Nxa5 
45. g5 hxg5 46. Qd7 Qxd7 47. Rxd7 g4 48. Ng5 Rb8 49. Kh2 Rc8 50. Kg3 Nb7 
51. Nxe6 a5 52. Rxg7+ Kh8 53. Re7 Nd6 54. Nc5 Ra8 55. Rxc7 a4 56. Rc6 Nb5 
57. Kxg4 Nxc3 58. Kf5 a3 59. Kxe5 Ra5 60. Kd4 a2 61. Nb3 Nd1 62. f3 a1=Q+ 
63. Nxa1 Rxa1 64. e5 Kg7 65. g3 Ra4+ 66. Rc4 Ra7 67. Ke4 Kf7 68. f4 Ra3 
69. g4 Ne3 70. Rc7+ Ke8 71. Rc8+ Kd7 72. Rg8 Nd1 73. f5 Nf2+ 74. Kd5 Ra5+ 
75. Kc4 Rxe5 76. f6 Ne4 77. Kd3 Nd6 78. g5 Rd5+ 79. Kc2 Ke6 80. g6 Kxf6 
81. g7 Nf5 82. Kc3 Nxg7 83. Ra8 Nf5 84. Rf8+ Ke5 85. Re8+ Kf4 86. Rf8 Rc5+ 
87. Kd3 Rd5+ 88. Kc2 Kg5 89. Kc3 Rd7 90. Ra8 Rd5 91. Rg8+ Kf4 92. Rg1 Ke4 
93. Rg8 Rd3+ 94. Kc4 Nd6+ 95. Kc5 Rd1 96. Rg2 Ke5 97. Re2+ Ne4+ 98. Kc6 Kf5 
99. Ra2 Kf6 100. Kc7 Nc3 101. Ra5 Ne4 102. Ra2 Nc3 103. Rb2 Ke6 104. Rb6+ Ke7 
105. Rh6 Nd5+ 106. Kc6 Nf6 107. Kc5 Ke6 108. Kc4 Ke5 109. Rh2 Rd4+ 110. Kb5 Nd7 
111. Kc6 Ke6 112. Rh6+ Nf6 113. Kb5 Rd5+ 114. Kc4 Rd1 115. Rh2 Ke5 116. Re2+ Ne4 
117. Kb5 Kd5 118. Kb6 Rc1 119. Ka5 Rb1 120. Rc2 Ke6 121. Ka6 Re1 122. Kb5 Nd6+ 
123. Kb6 Ne4 124. Rc6+ Kf5 125. Rc2 Ke5 126. Kb5 Nf6 127. Kb6 Ne4 128. Kc7 Nf6 
129. Kb6 Ne4 1/2-1/2

[Event "Monday 02 April Rapid Engine Tour 12+1 Rounds 9 Starts 1600ST"]
[Site "Infinity Chess"]
[Date "2018.4.2"]
[Round "4"]
[White "Vimtiroba"]
[Black "Dovahkiin"]
[Result "1/2-1/2"]
[ECO "B23"]
[WhiteElo "2446"]
[BlackElo "2382"]
[WhiteEngine "SF9 ''A1''_CTG"]
[BlackEngine "BrainFish_180329_x64_modern_CTG"]
[EventType "Swiss"]
[WhiteTeam ""]
[BlackTeam ""]
[PlyCount "172"]
[TimeControl "720+1"]

1. e4 c5 2. Nc3 d6 3. Nge2 Nf6 4. d4 cxd4 5. Nxd4 a6 6. Be3 e5 7. Nb3 Be6 
8. f3 h5 9. Qd2 Nbd7 10. Nd5 Bxd5 11. exd5 g6 12. Be2 Bg7 13. O-O b6 14. c4 O-O 
15. Rac1 Re8 16. Kh1 Rc8 17. Rce1 Rb8 18. g4 hxg4 19. fxg4 Rc8 20. Rc1 Ne4 
21. Qe1 Bf6 22. Nd2 Bh4 23. Qd1 Ng5 24. Nf3 Nxf3 25. Rxf3 e4 26. Rh3 Bg5 
27. Qd4 Qf6 28. Qxf6 Bxf6 29. b3 Bb2 30. Rf1 Nc5 31. g5 Kg7 32. Rh4 Be5 
33. Rg1 Rb8 34. Rhg4 Nd7 35. R1g2 Nc5 36. h4 Nd7 37. Kg1 b5 38. Kf1 Bc3 
39. R2g3 Rb7 40. Bf2 Ba1 41. Be3 Bc3 42. Kf2 bxc4 43. Bxc4 a5 44. a4 Kf8 
45. Bb5 Rc7 46. Ke2 Bb4 47. Bc6 Re7 48. Bxd7 Rexd7 49. Rxe4 Rc2+ 50. Kd1 Rh2 
51. Rc4 Re7 52. Rc8+ Re8 53. Rxe8+ Kxe8 54. Rg4 Rb2 55. Bd4 Rxb3 56. Re4+ Kf8 
57. Kc2 Rf3 58. Bf6 Rf5 59. Be7+ Kg7 60. Rd4 Bc5 61. Bf6+ Kf8 62. Rd1 Rf4 
63. Rb1 Bb4 64. Kd3 Rxh4 65. Rb2 Rh1 66. Kc4 Re1 67. Kb5 Ke8 68. Rh2 Kd7 
69. Rh7 Rc1 70. Rxf7+ Ke8 71. Rg7 Rc5+ 72. Kb6 Rxd5 73. Rxg6 Kf7 74. Rg7+ Ke6 
75. Ka7 Rd1 76. Ka6 d5 77. Bd8 d4 78. Bxa5 Bxa5 79. Kxa5 d3 80. Rg8 d2 
81. Rd8 Ke5 82. Rd7 Kf5 83. Rd8 Kxg5 84. Kb6 Rb1+ 85. Kc6 d1=Q 86. Rxd1 Rxd1 
1/2-1/2

[Event "Monday 02 April Rapid Engine Tour 12+1 Rounds 9 Starts 1600ST"]
[Site "Infinity Chess"]
[Date "2018.4.2"]
[Round "4"]
[White "hafaba"]
[Black "Mr Aj"]
[Result "1-0"]
[ECO "B90"]
[WhiteElo "2393"]
[BlackElo "2438"]
[WhiteEngine "Eman 1.70-beta13 64-bit POPCNT"]
[BlackEngine "Houdini 6"]
[EventType "Swiss"]
[WhiteTeam ""]
[BlackTeam ""]
[PlyCount "173"]
[TimeControl "720+1"]

1. e4 c5 2. Nf3 d6 3. d4 cxd4 4. Nxd4 Nf6 5. Nc3 a6 6. Be3 e5 7. Nb3 Be6 
8. Be2 Be7 9. O-O O-O 10. Re1 Nbd7 11. a4 Rc8 12. Bf3 Rc6 13. a5 Qc7 14. Nd2 Rc8 
15. Qe2 Qd8 16. Rec1 g6 17. h3 h5 18. Qd1 Nh7 19. Nd5 Bxd5 20. exd5 R6c7 
21. c4 f5 22. Be2 Bg5 23. Ra3 Bxe3 24. Rxe3 Nhf6 25. Nf3 Nc5 26. Rc2 Nce4 
27. b4 Qe8 28. Ra3 Qe7 29. Bf1 Qg7 30. Rb3 Rd8 31. Bd3 g5 32. Nd2 Nxd2 
33. Qxd2 e4 34. Be2 Rcd7 35. b5 f4 36. Qc1 Kf8 37. c5 dxc5 38. bxa6 bxa6 
39. Rxc5 Nxd5 40. Rc8 Qe5 41. Rbb8 Ke7 42. Bxh5 Nf6 43. Be2 e3 44. fxe3 fxe3 
45. Rxd8 Rxd8 46. Rb3 Kf7 47. Qxe3 Qxe3+ 48. Rxe3 Rd6 49. Bc4+ Kg6 50. Kh2 g4 
51. h4 Kf5 52. Re7 Kf4 53. Rf7 Kf5 54. Be2 Kf4 55. Bd1 Kf5 56. Bc2+ Kf4 
57. Rc7 Ke3 58. Kg3 Kd4 59. Bg6 Nd7 60. h5 Ne5 61. Bf5 Rf6 62. Bxg4 Nf7 
63. Bc8 Nd6 64. Kh4 Ne4 65. Bb7 Nc5 66. g4 Rf8 67. h6 Ne6 68. Rd7+ Kc5 
69. g5 Rh8 70. Bxa6 Kc6 71. Rf7 Nd8 72. Bb7+ Kd6 73. Rf6+ Kc7 74. a6 Kb8 
75. Bd5 Ka7 76. Rd6 Nc6 77. Rxc6 Rf8 78. Rc7+ Kb6 79. Rf7 Rd8 80. a7 Rxd5 
81. a8=Q Rd4+ 82. Kh5 Rh4+ 83. Kxh4 Kc5 84. Rd7 Kb4 85. Rc7 Kb5 86. Qb8+ Ka4 
87. Ra7# 1-0

[Event "Monday 02 April Rapid Engine Tour 12+1 Rounds 9 Starts 1600ST"]
[Site "Infinity Chess"]
[Date "2018.4.2"]
[Round "4"]
[White "fati64"]
[Black "Thinker"]
[Result "1/2-1/2"]
[ECO "C77"]
[WhiteElo "2449"]
[BlackElo "2463"]
[WhiteEngine "S_XPrO .64"]
[BlackEngine "BrainFish_180329_x64_modern_CTG"]
[EventType "Swiss"]
[WhiteTeam ""]
[BlackTeam ""]
[PlyCount "128"]
[TimeControl "720+1"]

1. e4 e5 2. Nf3 Nc6 3. Bb5 a6 4. Ba4 Nf6 5. O-O Be7 6. Re1 b5 7. Bb3 O-O 
8. c3 d5 9. exd5 Nxd5 10. Nxe5 Nxe5 11. Rxe5 c6 12. Re1 Bd6 13. d3 Bf5 
14. Qf3 Qh4 15. g3 Qh3 16. Be3 Bxd3 17. Nd2 Qf5 18. a4 h6 19. Bd4 Qxf3 
20. Nxf3 Rfe8 21. h4 Be2 22. Kg2 Rac8 23. Ba7 Bd3 24. Nd4 Rxe1 25. Rxe1 bxa4 
26. Bxa4 c5 27. Nf3 Bc4 28. Ne5 Bxe5 29. Rxe5 Rc7 30. Re4 Rxa7 31. Rxc4 Nb6 
32. Re4 g6 33. Bd1 Kg7 34. Be2 a5 35. h5 g5 36. Re8 Nd7 37. Bb5 Nf6 38. Rc8 Nxh5 
39. Rxc5 Nf6 40. c4 a4 41. Rc8 a3 42. bxa3 Rxa3 43. c5 Rc3 44. Ba4 h5 45. c6 h4 
46. Rd8 hxg3 47. fxg3 Ne4 48. Rd4 Nxg3 49. Rg4 Nf5 50. Rxg5+ Kf6 51. Rh5 Nd4 
52. Rh4 Ke5 53. Rh7 Kf6 54. Rh3 Rc4 55. Rd3 Rxa4 56. c7 Ra2+ 57. Kf1 Ra1+ 
58. Kf2 Ra2+ 59. Ke1 Re2+ 60. Kf1 Rc2 61. c8=Q Rxc8 62. Rxd4 Rc2 63. Rd1 Kg5 
64. Ra1 f6 1/2-1/2

[Event "Monday 02 April Rapid Engine Tour 12+1 Rounds 9 Starts 1600ST"]
[Site "Infinity Chess"]
[Date "2018.4.2"]
[Round "4"]
[White "beka"]
[Black "CoffeeOne"]
[Result "1/2-1/2"]
[ECO "A04"]
[WhiteElo "2375"]
[BlackElo "2479"]
[WhiteEngine "stockfish_18032408_32bit"]
[BlackEngine "Houdini 6"]
[EventType "Swiss"]
[WhiteTeam ""]
[BlackTeam ""]
[PlyCount "83"]
[TimeControl "720+1"]

1. Nf3 c5 2. e4 d6 3. d4 cxd4 4. Nxd4 Nf6 5. Nc3 a6 6. Be3 e5 7. Nb3 Be6 
8. f3 Nbd7 9. Qd2 Be7 10. O-O-O O-O 11. g4 b5 12. a3 Nb6 13. g5 Nh5 14. Na5 Rc8 
15. Kb1 g6 16. Rg1 Qc7 17. Nd5 Nxd5 18. exd5 Bd7 19. c4 Nf4 20. cxb5 axb5 
21. Bxf4 exf4 22. h4 Bd8 23. Nc6 Bxc6 24. dxc6 Qxc6 25. Bd3 Qxf3 26. Rgf1 Qe3 
27. Rxf4 Qxd2 28. Rxd2 Rc5 29. Rd4 f6 30. b4 Re5 31. Rxd6 fxg5 32. Rxd8 Rxd8 
33. Bc4+ Kg7 34. Rxd8 bxc4 35. hxg5 Rxg5 36. Rd7+ Kf6 37. Rxh7 Rg3 38. Rc7 Rxa3 
39. Rxc4 Rh3 40. Rc6+ Kf5 41. Kc2 g5 42. b5 1/2-1/2

[Event "Monday 02 April Rapid Engine Tour 12+1 Rounds 9 Starts 1600ST"]
[Site "Infinity Chess"]
[Date "2018.4.2"]
[Round "4"]
[White "star99"]
[Black "angriff"]
[Result "1/2-1/2"]
[ECO "C77"]
[WhiteElo "2400"]
[BlackElo "2390"]
[WhiteEngine "Cryptic Heroes 9.2B"]
[BlackEngine "DracoREX 3.07 64BIT POPCNT_CTG"]
[EventType "Swiss"]
[WhiteTeam ""]
[BlackTeam ""]
[PlyCount "117"]
[TimeControl "720+1"]

1. e4 e5 2. Nf3 Nc6 3. Bb5 a6 4. Ba4 Nf6 5. d3 Bc5 6. O-O d6 7. Nbd2 b5 
8. Bb3 O-O 9. c3 Bb6 10. a4 Rb8 11. Re1 Ng4 12. Re2 Na5 13. Bd5 c6 14. Ba2 c5 
15. Nf1 h6 16. h3 Nf6 17. b4 cxb4 18. cxb4 Nc6 19. a5 Ba7 20. Qe1 Be6 
21. Bxe6 fxe6 22. Rc2 Rc8 23. Bd2 Nh5 24. N1h2 Qd7 25. Be3 Nf4 26. Rd1 Nd4 
27. Nxd4 Bxd4 28. Qd2 Rxc2 29. Qxc2 Rc8 30. Qa2 Bxe3 31. fxe3 Ng6 32. Qe2 Rc3 
33. Rf1 Qe7 34. Qd2 Qc7 35. Qd1 Nf8 36. Qh5 Qe7 37. Qe2 Qd7 38. Ng4 Rc8 
39. Qb2 Qc6 40. Qe2 Rc7 41. Qf3 Qe8 42. Qg3 Qg6 43. Qf2 Nd7 44. Qb2 Qe8 
45. Qf2 Qg6 46. Nh2 Kh7 47. Nf3 Rc3 48. Qd2 Rb3 49. Qc2 Rxb4 50. Qc6 Qg3 
51. Qxd7 Rb2 52. Ne1 Re2 53. Qxe6 Rxe1 54. Qf5+ Kg8 55. Qe6+ Kh7 56. Qf5+ Kg8 
57. Qf7+ Kh8 58. Qf8+ Kh7 59. Qf5+ 1/2-1/2

[Event "Monday 02 April Rapid Engine Tour 12+1 Rounds 9 Starts 1600ST"]
[Site "Infinity Chess"]
[Date "2018.4.2"]
[Round "4"]
[White "KQRBNP"]
[Black "ocirema"]
[Result "1/2-1/2"]
[ECO "E10"]
[WhiteElo "2404"]
[BlackElo "2433"]
[WhiteEngine "Eman 1.70-beta13 64-bit POPCNT"]
[BlackEngine "stockfish_18040103_x64_modern_CTG"]
[EventType "Swiss"]
[WhiteTeam ""]
[BlackTeam ""]
[PlyCount "138"]
[TimeControl "720+1"]

1. d4 Nf6 2. c4 e6 3. Nf3 d5 4. g3 Bb4+ 5. Bd2 Be7 6. Bg2 O-O 7. O-O c6 8. b3 b6 
9. Bc1 Ba6 10. Nbd2 c5 11. Bb2 Nc6 12. dxc5 bxc5 13. e3 Qb6 14. Qc2 Rfd8 
15. a3 Nd7 16. Rab1 h6 17. Rfc1 Rac8 18. Bc3 Bb7 19. cxd5 exd5 20. Qf5 Bf6 
21. Bxf6 Nxf6 22. Qc2 Nb8 23. Qb2 a5 24. b4 axb4 25. axb4 c4 26. Nd4 Nbd7 
27. Nf5 Kh7 28. Nf3 Ra8 29. Qd4 Qxd4 30. exd4 Ne4 31. Ne5 Nd2 32. Rb2 Nb3 
33. Re1 Nxd4 34. Nxd4 Nxe5 35. Rxe5 Ra1+ 36. Bf1 Rd1 37. Re7 Bc8 38. Nf3 Bg4 
39. Re3 Bxf3 40. Rxf3 d4 41. Ra2 d3 42. Kg2 d2 43. Be2 Re1 44. Bd3+ Rxd3 
45. Rxd3 cxd3 46. Rxd2 Rb1 47. b5 Rb3 48. b6 Rxb6 49. Rxd3 h5 50. Rd8 Kh6 
51. Rd7 f6 52. h4 Rb2 53. Rd5 Rc2 54. Rb5 Rc6 55. Kf3 g6 56. Ke3 Ra6 
57. Rb7 Ra3+ 58. Kd4 Rf3 59. Rb2 g5 60. hxg5+ Kxg5 61. Ra2 Kg4 62. Ke4 Rf5 
63. Rc2 Re5+ 64. Kd4 Kf3 65. Rc6 Kxf2 66. Rxf6+ Kxg3 67. Kxe5 h4 68. Kd4 h3 
69. Kc4 h2 1/2-1/2